 Dungeon Crawl Stone Soup version 0.28.0-45-g0d030f2227 (webtiles) character file.

Game seed: 10886403271386833363

128 nickcage the Digger (level 5, -1/28 HPs)
             Began as a Gargoyle Earth Elementalist on Apr 11, 2022.
             Killed from afar by Natasha (7 damage)
             ... with a puff of flame
             ... on level 3 of the Dungeon on Apr 12, 2022.
             The game lasted 00:12:48 (2830 turns).

nickcage the Digger (Gargoyle Earth Elementalist)   Turns: 2830, Time: 00:12:49

Health: -1/28      AC: 10    Str: 11    XL:     5   Next: 12%
Magic:  0/8        EV: 12    Int: 18    God:
Gold:   96         SH:  0    Dex: 16    Spells: 4/8 levels left

rFire   . . .      SeeInvis .   e - +0 short sword
rCold   . . .      Faith    .   (no shield)
rNeg    + . .      Spirit   .   b - +0 robe
rPois   ∞          Reflect  .   (no helmet)
rElec   +          Harm     .   t - +2 cloak
rCorr   .          Rampage  .   (no gloves)
Will    .....                   r - +0 pair of boots
Stlth   ++........              (no amulet)
HPRegen 0.09/turn               g - +6 ring of dexterity
MPRegen 0.11/turn               (no ring)

@: very slightly contaminated
A: sickness immunity, AC +4, negative energy resistance 1, electricity
resistance, torment resistance 1, petrification resistance
a: no special abilities


You were on level 3 of the Dungeon.
You visited 1 branch of the dungeon, and saw 3 of its levels.

You collected 96 gold pieces.

Inventory:

Hand Weapons
 e - a +0 short sword (weapon)
Missiles
 c - 8 stones
Armour
 b - a +0 robe (worn)
 j - a +0 cloak
 r - a +0 pair of boots (worn)
 t - a +2 cloak (worn)
Jewellery
 g - a +6 ring of dexterity (left hand)
 n - a ring of fire
Scrolls
 d - 2 scrolls of blinking
 h - a scroll of amnesia {unknown}
 i - a scroll of summoning {unknown}
 k - a scroll of noise {unknown}
 l - a scroll of enchant weapon {unknown}
 o - a scroll of torment {unknown}
 p - 2 scrolls of identify {unknown}
 s - 3 scrolls of fog {unknown}
 u - a scroll of magic mapping {unknown}
Potions
 a - a potion of might
 f - a potion of degeneration {unknown}
 m - a potion of attraction {unknown}
 q - 2 potions of curing {unknown}


   Skills:
 - Level 1.5 Dodging
 - Level 2.1 Stealth
 - Level 2.0 Spellcasting
 + Level 0.7 Conjurations
 - Level 0.7 Transmutations
 + Level 6.7 Earth Magic


You had 4 spell levels left.
You knew the following spells:

 Your Spells              Type           Power      Damage    Failure   Level
a - Sandblast             Erth           52%        2d12      1%          1
b - Stone Arrow           Conj/Erth      30%        3d8       12%         3

Your spell library contained the following spells:

 Spells                   Type           Power      Damage    Failure   Level
 Passwall                 Tmut/Erth      12%        N/A       6%          2
 Apportation              Tloc           2%         N/A       19%         1
 Petrify                  Tmut/Erth      15%        N/A       36%         4
 Alistair's Intoxication  Tmut/Pois      2%         N/A       99%         5


Dungeon Overview and Level Annotations

Branches:
Dungeon (3/15)

Altars:

Annotations:
D:3 Natasha


Innate Abilities, Weirdness & Mutations

You are immune to sickness and miasma.
Your stone body is resilient. (AC +4)
You are immune to poison.
You resist negative energy. (rN+)
You are resistant to electric shocks. (rElec)
You are resistant to unholy torment.
You are immune to petrification.


Message History

The quokka bites you but does no damage.
The quokka barely misses you.
You hit the quokka.
The quokka is severely wounded.
The quokka bites you.
You hit the quokka.
You kill the quokka!
No target in view!
HP restored.
u - a scroll labelled PENGUO IFYI Natasha, Servant of Life and Death comes into view.
She is carrying a wand of flame (15).
Natasha hisses angrily.
Natasha zaps a wand.
The puff of flame hits you!
There is an open door here.
Casting: Stone Arrow (quite dangerous; 12% risk of failure)
Confirm with . or Enter, or press ? or * to list all spells.
The spell is quite dangerous to miscast (12% risk of failure)!
Continue anyway?
Aiming: Stone Arrow (quite dangerous; 12% risk of failure)
Press: ? - help, Shift-Dir - straight line, f - Natasha
Aim: Natasha, carrying a wand of flame (14) (60% to hit)
You miscast Stone Arrow.
You are very lightly contaminated with residual magic.
Nothing appears to happen.
Natasha drinks a potion.
Natasha seems to grow stronger.
Casting: Stone Arrow (quite dangerous; 12% risk of failure)
Confirm with . or Enter, or press ? or * to list all spells.
The spell is quite dangerous to miscast (12% risk of failure)!
Continue anyway?
Aiming: Stone Arrow (quite dangerous; 12% risk of failure)
Press: ? - help, Shift-Dir - straight line, f/p - Natasha
Aim: Natasha, carrying a wand of flame (14) (strong, 60% to hit)
You miscast Stone Arrow.
Nothing appears to happen.
The blast of sand hits Natasha but does no damage.
Natasha zaps a wand.
The puff of flame misses you.
The blast of sand hits Natasha but does no damage.
Natasha stares at you and mumbles some strange words.
The magic dart hits you.
Natasha zaps a wand.
The puff of flame hits you!
* * * LOW HITPOINT WARNING * * *
Natasha zaps a wand.
The puff of flame hits you!
You die... ......... ............ ##...........
P. #............. ..
P #.......#....# PPP.
P. #............#># P..
P..... #...###.#......##.
P.PPP P..... ##.@.....#.........
P.P.P

P..... #..................
P.P.PPP.....##h....#....#......
P............'.....#........<#
PPPPPPPh.....#.....#.#.......##.#
...........#.....................
.....##....#..............#......
.....##....#..........#.###......
....†......#.####.....#.###.....#


You could see Natasha (strong).

Vanquished Creatures
  Natasha (twice) (D:3)
  3 worms (D:2)
  3 dart slugs
  2 orcs (D:3)
  6 ball pythons
  6 endoplasms
  2 giant cockroaches
  5 goblins
  3 hobgoblins (D:1)
  6 jackals
  7 kobolds
  3 quokkas
  2 bats (D:1)
  3 frilled lizards
  9 rats
62 creatures vanquished.

Notes
Turn   | Place    | Note
-------+----------+-------------------------------------------
     0 | D:1      | nickcage the Gargoyle Earth Elementalist began the quest
                  | for the Orb.
     0 | D:1      | Reached XP level 1. HP: 10/10 MP: 3/3
    57 | D:1      | Reached skill level 4 in Earth Magic
   107 | D:1      | Reached XP level 2. HP: 15/15 MP: 3/5
   559 | D:1      | Reached skill level 5 in Earth Magic
   559 | D:1      | Reached XP level 3. HP: 19/19 MP: 3/6
   818 | D:1      | Found a faded altar of an unknown god.
  1046 | D:1      | Learned a level 3 spell: Stone Arrow
  1367 | D:2      | Noticed a black bear
  1784 | D:2      | Reached XP level 4. HP: 24/24 MP: 3/7
  2379 | D:3      | Noticed Natasha
  2393 | D:3      | Killed Natasha
  2394 | D:3      | Reached skill level 6 in Earth Magic
  2470 | D:3      | Noticed Natasha
  2475 | D:3      | Killed Natasha
  2476 | D:3      | Reached XP level 5. HP: 25/28 MP: 1/8
  2818 | D:3      | Noticed Natasha
  2830 | D:3      | Killed from afar by Natasha

Illustrated notes

Levels and vault maps discovered:
D:1:      ncdulo_halloftheorcs, layout_basic,
          hellmonk_ecumenical_altar_pennies_from_heaven
D:2:      layout_basic, st_stairs_4, nicolae_wormholes
D:3:      layout_basic, minmay_hedge_maze, uniq_sigmund, uniq_robin,
          uniq_natasha

Skill      XL: |  1  2  3  4 |
---------------+-------------+-----
Earth Magic    | 4 5 6 |  6.7
Dodging        | |  1.5
Stealth        | |  2.1
Spellcasting   | |  2.0
Conjurations   | |  0.7
Transmutations | |  0.7

Action                   |  1- 3 |  4- 6 || total
-------------------------+-------+-------++-------
Melee: Unarmed           |     2 |       ||     2
       Short sword       |    66 |    16 ||    82
       Punch             |     1 |       ||     1
 Cast: Sandblast         |    36 |     3 ||    39
       Stone Arrow       |     3 |    17 ||    20
  Use: Scroll            |     1 |       ||     1
 Stab: Sleeping          |       |     2 ||     2
Armor: Robe              |    24 |     5 ||    29
Dodge: Dodged            |    54 |     8 ||    62
